 Dungeon Crawl Stone Soup version 0.26-a0-812-g31a745ddcd (webtiles) character file.

Game seed: 10638895081544730680

1136 robertstho the Magician (level 8, -1/42 HPs)
             Began as a Deep Elf Fire Elementalist on Nov 13, 2020.
             Was a Follower of Vehumet.
             Slain by a hornet (10 damage)
             ... on level 5 of the Dungeon.
             The game lasted 00:06:36 (5610 turns).

robertstho the Magician (DEFE)                      Turns: 5610, Time: 00:06:36

Health: -1/42      AC:  6    Str:  5    XL:     8   Next: 14%
Magic:  13/21      EV: 13    Int: 23    God:    Vehumet [*.....]
Gold:   346        SH:  0    Dex: 15    Spells: 8/22 levels left

rFire    . . .     SeeInvis .   x - +0 flail (venom)
rCold    . . .     Faith    .   (no shield)
rNeg     . . .     Spirit   .   a - +0 robe
rPois    .         Reflect  .   w - +0 helmet
rElec    .         Harm     .   p - +1 cloak
rCorr    .         Rampage  .   d - +0 pair of gloves
MR       .....                  (no boots)
Stlth    +++.......             (no amulet)
HPRegen  0.14/turn              (no ring)
MPRegen  0.17/turn              (no ring)

@: lethally poisoned (-1 -> -8), slowed, very slow
A: no striking features
a: Renounce Religion


You were on level 5 of the Dungeon.
You worshipped Vehumet.
Vehumet was aware of your devotion.
You visited 1 branch of the dungeon, and saw 5 of its levels.

You collected 346 gold pieces.

Inventory:

Hand Weapons
 q - a +4 quarterstaff of chaos
 x - a +0 flail of venom (weapon)
 A - a +3 spear
Missiles
 k - 23 poisoned darts (quivered)
Armour
 a - a +0 robe (worn)
 d - a +0 pair of gloves (worn)
 p - a +1 cloak (worn)
 w - a +0 helmet (worn)
Jewellery
 l - an uncursed amulet of reflection {unknown}
Wands
 r - a wand of polymorph (11)
 s - a wand of enslavement (13)
 y - a wand of acid (4)
Scrolls
 g - 6 scrolls of identify {unknown}
 i - 3 scrolls of noise {unknown}
 j - 3 scrolls of teleportation {unknown}
 m - a scroll of fog {unknown}
 o - 2 scrolls of fear {unknown}
 t - a scroll of amnesia {unknown}
 u - a scroll of random uselessness {unknown}
Potions
 b - 6 potions of curing {unknown}
 c - a potion of might {unknown}
 e - a potion of magic {unknown}
 f - a potion of lignification {unknown}
 h - 2 potions of mutation {unknown}
 n - a potion of ambrosia {unknown}
 v - a potion of degeneration {unknown}
 z - a potion of attraction {unknown}


   Skills:
 + Level 0.7 Fighting
 + Level 1.5 Staves
 + Level 3.0 Dodging
 + Level 3.6 Stealth
 * Level 7.5 Spellcasting
 * Level 5.3 Conjurations
 * Level 6.6 Fire Magic


You had 8 spell levels left.
You knew the following spells:

 Your Spells              Type           Power        Failure   Level
a - Foxfire               Conj/Fire      ####         1%          1
b - Conjure Flame         Conj/Fire      #####...     1%          3
c - Sticky Flame          Conj/Fire      #####...     6%          4
d - Fireball              Conj/Fire      #####.....   17%         5
e - Magic Dart            Conj           ####         1%          1

Your spell library contained the following spells:

 Spells                   Type           Power        Failure   Level
 Inner Flame              Hex/Fire       ###.....     5%          3


Dungeon Overview and Level Annotations

Branches:
Dungeon (5/15)             Temple (0/1) D:5

Altars:
Dithmenos
Elyvilon
Nemelex Xobeh
Trog
Vehumet


Message History

Casting: Sticky Flame (quite dangerous; 6% risk of failure)
Confirm with . or Enter, or press ? or * to list all spells.
The spell is quite dangerous to cast (6% risk of failure)!
Continue anyway?
Aiming: Sticky Flame (quite dangerous; 6% risk of failure)
Press: ? - help, Shift-Dir - straight line, f - hornet
Aim: a hornet (lightly wounded)
The sticky flame hits the hornet!
The hornet is moderately wounded.
The hornet is covered in liquid flames!
You feel sick.
The hornet burns! x2
The hornet completely misses you. The hornet stings you!
You feel as though you will be slow longer.
Your foxfire dissipates!
You feel sick.
The hornet burns!
The foxfire hits the hornet but does no damage.
The hornet is severely wounded.
The hornet stings you!
* * * LOW HITPOINT WARNING * * *
You feel as though you will be slow longer.
The hornet stings you!
You die...

#.#.............#....##
#
#.#.............#....##
#.
#.#.............#######
##..##.##'###### #
#.................
##.#.##.#.#########
#...............
#..#.#.######..#
#..#....y@# # #.
#..l##ยง# # # #....#...
# #.......## #.##
.......... ....
............ #.##
...#.########. #.##
####l .# #... ####


You could see a hornet (burning) and a frilled lizard.

Vanquished Creatures
  Sigmund (D:2)
  Edmund (D:4)
  An ice beast (D:5)
  2 ogres (D:5)
  A centaur (D:5)
  A water moccasin zombie (D:5)
  A hound (D:4)
  2 orc priests (D:3)
  Crazy Yiuf (D:2)
  3 orc wizards
  Natasha (thrice) (D:2)
  2 worker ants (D:5)
  4 adders
  A white imp (D:5)
  2 ufetubi (D:5)
  An adder skeleton (D:5)
  3 worms
  2 dart slugs (D:1)
  A leopard gecko (D:5)
  15 orcs
  4 bats
  4 giant cockroaches
  5 hobgoblins
  2 jackals (D:2)
  6 kobolds
  A quokka (D:5)
  A ball python (D:2)
  5 frilled lizards
  7 goblins
  A quokka skeleton (D:5)
  7 rats
91 creatures vanquished.

Vanquished Creatures (others)
  397 foxfires
397 creatures vanquished.

Grand Total: 488 creatures vanquished

Notes
Turn   | Place    | Note
-------+----------+-------------------------------------------
     0 | D:1      | robertstho the Deep Elf Fire Elementalist began the quest
                  | for the Orb.
     0 | D:1      | Reached XP level 1. HP: 10/10 MP: 6/6
    94 | D:1      | Reached XP level 2. HP: 15/15 MP: 1/8
   919 | D:2      | Noticed Natasha
   924 | D:2      | Killed Natasha
   924 | D:2      | Reached XP level 3. HP: 19/19 MP: 3/10
   929 | D:2      | Learned a level 3 spell: Conjure Flame
  1026 | D:2      | Found a white marble altar of Elyvilon.
  1194 | D:2      | Reached skill level 4 in Spellcasting
  1338 | D:2      | Found a runed translucent door.
  1339 | D:2      | Noticed Crazy Yiuf
  1474 | D:2      | Found a radiant altar of Vehumet.
  1484 | D:2      | Became a worshipper of Vehumet
  1522 | D:2      | Noticed Natasha
  1529 | D:2      | Killed Natasha
  1529 | D:2      | Reached XP level 4. HP: 20/24 MP: 6/12
  1702 | D:2      | Found a shadowy altar of Dithmenos.
  1703 | D:2      | Found a bloodstained altar of Trog.
  1753 | D:2      | Noticed Sigmund
  1764 | D:2      | Killed Sigmund
  1764 | D:2      | Reached skill level 5 in Spellcasting
  1764 | D:2      | Reached XP level 5. HP: 28/28 MP: 2/15
  2160 | D:2      | Noticed Natasha
  2181 | D:2      | Learned a level 4 spell: Sticky Flame
  2187 | D:2      | Learned a level 5 spell: Fireball
  2197 | D:2      | Killed Crazy Yiuf
  2197 | D:2      | Reached XP level 6. HP: 12/32 MP: 3/16
  2436 | D:2      | Killed Natasha
  2802 | D:3      | Reached skill level 6 in Spellcasting
  2802 | D:3      | Reached skill level 5 in Fire Magic
  3786 | D:4      | Reached * piety under Vehumet
  3786 | D:4      | Offered knowledge of Magic Dart by Vehumet.
  3802 | D:4      | Learned a level 1 spell: Magic Dart
  3912 | D:4      | Noticed Edmund
  3923 | D:4      | Killed Edmund
  3923 | D:4      | Reached skill level 1 in Staves
  3923 | D:4      | Reached XP level 7. HP: 30/37 MP: 6/18
  4339 | D:5      | Entered Level 5 of the Dungeon
  4656 | D:5      | Found a staircase to the Ecumenical Temple.
  4718 | D:5      | Reached skill level 7 in Spellcasting
  4935 | D:5      | Reached skill level 5 in Conjurations
  5047 | D:5      | Reached XP level 8. HP: 42/42 MP: 15/20
  5581 | D:5      | Found a sparkling altar of Nemelex Xobeh.
  5602 | D:5      | Noticed a hornet
  5610 | D:5      | Slain by a hornet

Illustrated notes

Levels and vault maps discovered:
D:1:      scummos_arrival_forest, layout_rooms
D:2:      layout_loops_corners, lemuel_coloured_pillars_altar,
          nicolae_overflow_hidden_temple, elyvilon_altar_5, uniq_sigmund,
          uniq_crazy_yiuf_cottage, uniq_natasha
D:3:      layout_basic
D:4:      layout_cave_pools, uniq_edmund
D:5:      layout_basic, lemuel_crystal_altar,
          minmay_temple_entry_enclosed_plants

Skill      XL: |  1  2  3  4  5  6  7 |
---------------+----------------------+-----
Conjurations   | 2 3 4 5 |  5.3
Fire Magic     | 4 5 6 |  6.6
Spellcasting   | 4 5 6 7 |  7.5
Staves         | 1 |  1.5
Stealth        | 3 |  3.6
Dodging        | 3 |  3.0
Fighting       | |  0.7

Action                   |  1- 3 |  4- 6 |  7- 9 || total
-------------------------+-------+-------+-------++-------
Melee: Unarmed           |     8 |       |       ||     8
       Quarterstaff      |       |    29 |       ||    29
 Cast: Foxfire           |    77 |    87 |    89 ||   253
       Sticky Flame      |       |     4 |     1 ||     5
 Stab: Sleeping          |       |     5 |       ||     5
       Distracted        |       |     1 |       ||     1
Armor: Robe              |     6 |     4 |     3 ||    13
Dodge: Dodged            |    12 |    28 |    19 ||    59

Table legend: (Time is in decaauts)
 A = Elapsed time spent in this place.
 B = Non-inter-level travel time spent in this place.
 C = Inter-level travel time spent in this place.
 D = Time resting spent in this place.
 E = Time spent auto-exploring this place.
 F = Levels seen in this place.
 G = Mean time per level.
                   A        B        C        D        E       F      G
               +--------+--------+--------+--------+--------+-----+--------+
         Total |   5615 |   5494 |    121 |      0 |   4823 |   5 | 1123.0 |
       Dungeon |   5615 |   5494 |    121 |      0 |   4823 |   5 | 1123.0 |
               +--------+--------+--------+--------+--------+-----+--------+

Top non-repeatable levels by time:
     D:2: 1597 daAuts
     D:3: 1274 daAuts
     D:5: 1271 daAuts
     D:1: 919 daAuts
     D:4: 553 daAuts
